 Dungeon Crawl Stone Soup version 0.29.1-1-gd02db6906a (webtiles) character file.

Game seed: 13403102110060937094

5349 beryleye the Blocker (level 10, -2/82 HPs)
             Began as a Gnoll Fighter on Sept 20, 2022.
             Was an Elder of Makhleb.
             Killed from afar by a lava snake (4 damage)
             ... with a glob of lava
             ... on level 9 of the Dungeon on Sept 21, 2022.
             The game lasted 01:09:55 (12137 turns).

beryleye the Blocker (Gnoll Fighter)               Turns: 12137, Time: 01:10:03

Health: -2/82      AC: 15    Str: 16    XL:     10   Next: 65%
Magic:  27/27      EV: 28    Int: 12    God:    Makhleb [****..]
Gold:   444        SH:  0    Dex: 11    Spells: 4/20 levels left

rFire   . . .      SeeInvis .   a - +4 rapier (speed)
rCold   . . .      Faith    .   (no shield)
rNeg    . . .      Spirit   .   D - +2 steam dragon scales
rPois   .          Reflect  .   B - +2 helmet
rElec   .          Harm     .   d - +2 cloak {Will+}
rCorr   +          Rampage  .   (no gloves)
Will    +....                   (no boots)
Stlth   +++.......              J - amulet of the acrobat
HPRegen 0.23/turn               H - ring of resist corrosion
MPRegen 0.20/turn               E - ring of magical power

@: acrobatic
A: fangs 1, strong nose, distributed training
a: Renounce Religion, Minor Destruction, Lesser Servant of Makhleb, Major
Destruction


You were on level 9 of the Dungeon.
You worshipped Makhleb.
Makhleb was greatly pleased with you.
You visited 1 branch of the dungeon, and saw 9 of its levels.

You collected 626 gold pieces.
You spent 182 gold pieces at shops.

Inventory:

Hand Weapons
 a - a +4 rapier of speed (weapon)
 b - a +4 quarterstaff of chaos
 g - a +1 flail of draining
 n - a +4 mace
 r - a +0 sling
 x - a +2 spear of venom
 A - a +3 spear
Missiles
 e - 86 stones (quivered)
 i - 12 curare-tipped darts
 l - 2 throwing nets
 v - 5 boomerangs
 I - 18 poisoned darts
Armour
 c - a +0 buckler
 d - a +2 cloak of willpower (worn)
 s - a +1 cloak
 B - a +2 helmet (worn)
 D - +2 steam dragon scales (worn)
 L - a +0 hat
Jewellery
 o - a ring of ice
 E - a ring of magical power (right hand)
 F - a ring of magical power
 H - a ring of resist corrosion (left hand)
 J - an amulet of the acrobat (around neck)
Wands
 G - a wand of flame (3)
Scrolls
 h - a scroll of fog
 k - 3 scrolls of magic mapping
 y - a scroll of vulnerability
Potions
 f - a potion of magic
 j - 2 potions of curing
 m - a potion of ambrosia
 p - 2 potions of brilliance
 q - 3 potions of attraction
 u - 2 potions of flight
 w - 2 potions of lignification
 z - 3 potions of invisibility
 C - a potion of degeneration
 K - a potion of haste
Miscellaneous
 t - a tin of tremorstones (2/2)


   Skills:
 + Level 8.8 Fighting
 + Level 5.7 Short Blades
 + Level 7.4 Long Blades
 + Level 5.7 Axes
 + Level 5.7 Maces & Flails
 + Level 5.7 Polearms
 + Level 5.7 Staves
 + Level 5.7 Ranged Weapons
 + Level 5.7 Throwing
 + Level 8.8 Armour
 + Level 5.7 Dodging
 + Level 5.7 Stealth
 + Level 8.8 Shields
 + Level 5.7 Unarmed Combat
 + Level 5.7 Spellcasting
 + Level 4.7 Conjurations
 + Level 4.7 Hexes
 + Level 4.7 Summonings
 + Level 4.7 Necromancy
 + Level 4.7 Translocations
 + Level 4.7 Transmutations
 + Level 4.7 Fire Magic
 + Level 4.7 Ice Magic
 + Level 4.7 Air Magic
 + Level 4.7 Earth Magic
 + Level 4.7 Poison Magic
 + Level 6.2 Invocations
 + Level 5.7 Evocations


You had 4 spell levels left.
You knew the following spells:

 Your Spells              Type           Power      Damage    Failure   Level
a - Ensorcelled Hibernat  Hex/Ice        28%        N/A       4%          2
b - Passwall              Tmut/Erth      11%        N/A       4%          2
c - Stone Arrow           Conj/Erth      28%        3d8       9%          3
d - Swiftness             Air            14%        N/A       9%          3
e - Ignite Poison         Fire/Tmut/Pois 14%        N/A       9%          3
f - Mephitic Cloud        Conj/Pois/Air  14%        N/A       9%          3

Your spell library contained the following spells:

 Spells                   Type           Power      Damage    Failure   Level
 Inner Flame              Hex/Fire       14%        N/A       9%          3
 Animate Armour           Summ/Erth      28%        N/A       26%         4
 Animate Dead             Necr           14%        N/A       26%         4
 Cause Fear               Hex            7%         N/A       26%         4
 Freezing Cloud           Conj/Ice/Air   7%         6-21      58%         5
 Haunt                    Necr/Summ      7%         N/A       100%        7
 Discord                  Hex            7%         N/A       100%        8
 Infestation              Necr           7%         N/A       100%        8
 Lehudib's Crystal Spear  Conj/Erth      7%         10d3      100%        8


Dungeon Overview and Level Annotations

Branches:
Dungeon (9/15)             Temple (0/1) D:4
   Lair: D:8-11         Orc: D:9-12

Altars:
Cheibriados
Kikubaaqudgha
Makhleb
Okawaru
Ru
Xom
The Shining One

Shops:
D:3 [!   D:4 (


Innate Abilities, Weirdness & Mutations

You have very sharp teeth.
Your uncanny sense of smell can sniff out nearby items.
Your experience applies equally to all skills.


Message History

You completely miss the lindwurm.
The lindwurm is severely wounded.
The lindwurm breathes flames at you. The blast of flame misses you.
Your smoke demon hits the lindwurm but does no damage.
Your smoke demon hits the lindwurm.
Your smoke demon hits the lindwurm but does no damage.
You hit the lindwurm.
The lindwurm is almost dead.
The lindwurm bites you. The lindwurm claws you!
The lindwurm claws you but does no damage.
You hit the lindwurm but do no damage.
The lindwurm is almost dead.
Your smoke demon hits the lindwurm but does no damage. x2
Your smoke demon hits the lindwurm.
You hit the lindwurm.
The lindwurm is almost dead.
The lindwurm closely misses you.
The lindwurm claws you but does no damage.
The lindwurm barely misses you.
You hit the lindwurm.
You kill the lindwurm!
Makhleb accepts your kill.
You feel better.
Your smoke demon gestures at the boulder beetle.
The boulder beetle is smitten.
You hit the boulder beetle but do no damage.
The boulder beetle is moderately wounded.
The boulder beetle hits you!!!
* * * LOW HITPOINT WARNING * * *
The boulder beetle stops rolling and uncurls.
Your smoke demon gestures at the boulder beetle.
The boulder beetle is smitten.
The boulder beetle attacks as you move away!
The boulder beetle bites you!!
* * * LOW HITPOINT WARNING * * *
The boulder beetle bites your smoke demon!!
The lava snake spits lava at you. The glob of lava hits you.
You die...

############.####### .
##...........#
##.########### ##.#
...# ### #### ##.##
#.#.#########
##.#.##.#S°§°#
#########.÷.°°B3@...8#
..##8##..)###.'.'^..=#
#3.#.'.#.## #.'.'...8#
###.8#.#.# ###.#≈°≈§#
####.#.# ########
##.## ##


You could see a boulder beetle (drained, ally target), a lava snake (catching
breath) and a friendly smoke demon (summoned).

Vanquished Creatures
  A lindwurm (D:9)
  A kobold demonologist (D:8)
  Maggie (D:6)
  Prince Ribbit (D:7)
  2 jumping spiders (D:9)
  A wyvern (D:8)
  2 steam dragons
  A redback (D:9)
  Menkaure (D:7)
  A water moccasin (D:8)
  2 orc warriors
  2 sky beasts
  A black bear (D:4)
  5 ogres
  A centaur (D:7)
  2 phantoms (D:4)
  7 kobold brigands
  A bullfrog (D:8)
  5 scorpions
  4 wights (D:8)
  2 hounds
  A jelly (D:5)
  5 orc priests
  Crazy Yiuf (D:7)
  An iguana (D:4)
  6 orc wizards
  8 gnolls
  9 adders
  A shadow imp (D:7)
  A white imp (D:6)
  3 ufetubi
  2 worms
  3 dart slugs
  33 orcs
  4 bats
  7 endoplasms
  6 giant cockroaches
  5 goblins
  11 hobgoblins
  6 jackals
  7 quokkas
  10 ball pythons
  6 frilled lizards
  33 kobolds
  4 kobold skeletons (D:8)
  6 kobold zombies (D:8)
  7 rats
230 creatures vanquished.

Vanquished Creatures (collateral kills)
  2 kobold brigands (D:8)
  2 shadow imps (D:8)
  2 kobolds (D:8)
  4 kobold skeletons (D:8)
  4 kobold zombies (D:8)
14 creatures vanquished.

Vanquished Creatures (others)
  A shadow imp (D:7)
  19 plants
20 creatures vanquished.

Grand Total: 264 creatures vanquished

Notes
Turn   | Place    | Note
-------+----------+-------------------------------------------
     0 | D:1      | beryleye the Gnoll Fighter began the quest for the Orb.
     0 | D:1      | Reached XP level 1. HP: 23/23 MP: 1/1
   167 | D:1      | Reached XP level 2. HP: 29/29 MP: 2/2
   696 | D:1      | Reached XP level 3. HP: 35/35 MP: 3/3
   966 | D:2      | Reached skill level 1 in Invocations
  1634 | D:2      | Reached skill level 1 in Short Blades
  1634 | D:2      | Reached skill level 1 in Axes
  1634 | D:2      | Reached skill level 1 in Maces & Flails
  1634 | D:2      | Reached skill level 1 in Polearms
  1634 | D:2      | Reached skill level 1 in Staves
  1634 | D:2      | Reached skill level 1 in Ranged Weapons
  1634 | D:2      | Reached skill level 1 in Throwing
  1634 | D:2      | Reached skill level 1 in Dodging
  1634 | D:2      | Reached skill level 1 in Stealth
  1634 | D:2      | Reached skill level 1 in Unarmed Combat
  1634 | D:2      | Reached skill level 1 in Spellcasting
  1634 | D:2      | Reached skill level 1 in Evocations
  1825 | D:3      | Found Quaclej's Armour Shop.
  1893 | D:3      | Found a burning altar of Makhleb.
  1903 | D:3      | Became a worshipper of Makhleb the Destroyer
  2342 | D:3      | Reached XP level 4. HP: 40/41 MP: 5/5
  2463 | D:3      | Found a faded altar of an unknown god.
  2498 | D:3      | Found Oryniqom's Distillery.
  3002 | D:4      | Reached skill level 1 in Conjurations
  3002 | D:4      | Reached skill level 1 in Hexes
  3002 | D:4      | Reached skill level 1 in Summonings
  3002 | D:4      | Reached skill level 1 in Necromancy
  3002 | D:4      | Reached skill level 1 in Translocations
  3002 | D:4      | Reached skill level 1 in Transmutations
  3002 | D:4      | Reached skill level 1 in Fire Magic
  3002 | D:4      | Reached skill level 1 in Ice Magic
  3002 | D:4      | Reached skill level 1 in Air Magic
  3002 | D:4      | Reached skill level 1 in Earth Magic
  3002 | D:4      | Reached skill level 1 in Poison Magic
  3059 | D:4      | Noticed a phantom
  3079 | D:4      | Killed a phantom
  3080 | D:4      | Reached XP level 5. HP: 24/47 MP: 5/7
  3381 | D:4      | Noticed a black bear
  3386 | D:4      | Killed a black bear
  3387 | D:4      | Reached XP level 6. HP: 48/53 MP: 8/8
  3404 | D:4      | Reached * piety under Makhleb
  3405 | D:4      | Reached skill level 5 in Long Blades
  3437 | D:4      | Found a staircase to the Ecumenical Temple.
  3524 | D:4      | Found Neghiticw's Antique Weapon Shop.
  3566 | D:4      | Bought a runed rapier for 182 gold pieces
  3614 | D:4      | Found a shimmering altar of Xom.
  3726 | D:4      | Reached XP level 7. HP: 59/59 MP: 10/10
  4036 | D:4      | Noticed a steam dragon
  4066 | D:4      | Killed a steam dragon
  4258 | D:4      | Learned a level 2 spell: Ensorcelled Hibernation
  4542 | D:5      | Entered Level 5 of the Dungeon
  4802 | D:5      | Reached XP level 8. HP: 46/67 MP: 12/12
  6214 | D:5      | Found an iron altar of Okawaru.
  6488 | D:6      | Found a snail-covered altar of Cheibriados.
  6784 | D:6      | Noticed Maggie
  6806 | D:6      | Killed Maggie
  7168 | D:6      | Reached ** piety under Makhleb
  7370 | D:6      | Found an ancient bone altar of Kikubaaqudgha.
  7568 | D:6      | Reached XP level 9. HP: 69/73 MP: 14/14
  7858 | D:6      | Learned a level 2 spell: Passwall
  8743 | D:7      | Noticed Prince Ribbit
  8754 | D:7      | Killed Prince Ribbit
  8808 | D:7      | Learned a level 3 spell: Stone Arrow
  8812 | D:7      | Learned a level 3 spell: Swiftness
  8816 | D:7      | Learned a level 3 spell: Ignite Poison
  8820 | D:7      | Learned a level 3 spell: Mephitic Cloud
  8869 | D:7      | Found a sacrificial altar of Ru.
  9147 | D:7      | Reached skill level 5 in Invocations
  9186 | D:7      | Noticed Menkaure
  9197 | D:7      | Killed Menkaure
  9548 | D:7      | Found a glowing golden altar of the Shining One.
  9584 | D:7      | Found a runed translucent door.
  9649 | D:7      | Noticed Crazy Yiuf
  9662 | D:7      | Killed Crazy Yiuf
 10467 | D:8      | Reached skill level 5 in Short Blades
 10467 | D:8      | Reached skill level 5 in Axes
 10467 | D:8      | Reached skill level 5 in Maces & Flails
 10467 | D:8      | Reached skill level 5 in Polearms
 10467 | D:8      | Reached skill level 5 in Staves
 10467 | D:8      | Reached skill level 5 in Ranged Weapons
 10467 | D:8      | Reached skill level 5 in Throwing
 10467 | D:8      | Reached skill level 5 in Dodging
 10467 | D:8      | Reached skill level 5 in Stealth
 10467 | D:8      | Reached skill level 5 in Unarmed Combat
 10467 | D:8      | Reached skill level 5 in Spellcasting
 10467 | D:8      | Reached skill level 5 in Evocations
 10467 | D:8      | Reached XP level 10. HP: 30/81 MP: 17/17
 11068 | D:8      | Reached *** piety under Makhleb
 11141 | D:8      | Noticed a kobold demonologist
 11166 | D:8      | Noticed a rust devil
 11181 | D:8      | Killed a kobold demonologist
 11185 | D:8      | Reached **** piety under Makhleb
 11281 | D:8      | Found an ancient bone altar of Kikubaaqudgha.
 11789 | D:9      | Found a runed translucent door.
 11803 | D:9      | Found a runed translucent gate.
 11804 | D:9      | Noticed a boulder beetle
 11806 | D:9      | Found a runed translucent gate.
 12109 | D:9      | Found a runed translucent gate.
 12109 | D:9      | Found a runed translucent gate.
 12109 | D:9      | Found a runed translucent gate.
 12110 | D:9      | Noticed a lindwurm
 12111 | D:9      | Found a runed translucent gate.
 12135 | D:9      | Killed a lindwurm
 12137 | D:9      | HP: 1/82 [boulder beetle (19)]
 12137 | D:9      | Killed from afar by a lava snake

Illustrated notes

Levels and vault maps discovered:
D:1:      minmay_arrival_loop, layout_basic, minmay_pentomino_p2
D:2:      layout_loops_ring
D:3:      layout_basic, lemuel_coloured_pillars_altar, serial_shops, shop, shop,
          gup_sewer_entry_pipe, hellmonk_ecumenical_altar_lost_god
D:4:      layout_cave_pools, xom_teletrap_fun,
          minmay_temple_entry_drinking_statues, serial_bayou,
          serial_bayou_pond_e, serial_bayou_pond_b, serial_bayou_pond_a,
          serial_bayou_shore_a, serial_bayou_crossing, serial_bayou_pond_c,
          serial_shops, nicolae_stop_n_shop_2, minmay_quadrilaterals
D:5:      layout_loops_ring, mainiacjoe_overflow_alcove_2
D:6:      layout_gridville, mainiacjoe_overflow_alcove_4, slow_altar_1,
          uniq_maggie
D:7:      layout_loops_ring, mainiacjoe_overflow_big_doors, uniq_prince_ribbit1,
          uniq_crazy_yiuf_cottage, uniq_menkaure
D:8:      wander_kiku_kobolds, layout_basic, corexii_leaking_fountain
D:9:      gammafunk_indiana_jones, layout_basic, nicolae_gozag_seed_capital,
          david_orc_5, enter_bailey_2, st_stairs_12

Skill      XL: |  1  2  3  4  5  6  7  8  9 10 |
---------------+-------------------------------+-----
Invocations    | 1 2 3 4 5 6 |  6.2
Short Blades   | 1 2 3 5 |  5.7
Axes           | 1 2 3 5 |  5.7
Maces & Flails | 1 2 3 5 |  5.7
Polearms       | 1 2 3 5 |  5.7
Staves         | 1 2 3 5 |  5.7
Ranged Weapons | 1 2 3 5 |  5.7
Throwing       | 1 2 3 5 |  5.7
Dodging        | 1 2 3 5 |  5.7
Stealth        | 1 2 3 5 |  5.7
Unarmed Combat | 1 2 3 5 |  5.7
Spellcasting   | 1 2 3 5 |  5.7
Evocations     | 1 2 3 5 |  5.7
Conjurations   | 1 2 3 4 |  4.7
Hexes          | 1 2 3 4 |  4.7
Summonings     | 1 2 3 4 |  4.7
Necromancy     | 1 2 3 4 |  4.7
Translocations | 1 2 3 4 |  4.7
Transmutations | 1 2 3 4 |  4.7
Fire Magic     | 1 2 3 4 |  4.7
Ice Magic      | 1 2 3 4 |  4.7
Air Magic      | 1 2 3 4 |  4.7
Earth Magic    | 1 2 3 4 |  4.7
Poison Magic   | 1 2 3 4 |  4.7
Long Blades    | 5 6 7 |  7.4
Fighting       | 7 8 |  8.8
Armour         | 7 8 |  8.8
Shields        | 7 8 |  8.8

Action                   |  1- 3 |  4- 6 |  7- 9 | 10-12 || total
-------------------------+-------+-------+-------+-------++-------
Melee: Long sword        |    40 |       |       |       ||    40
       Whip              |   117 |   157 |       |       ||   274
       Bite              |    16 |    13 |    44 |    22 ||    95
       Rapier            |       |    29 |   438 |   207 ||   674
       Punch             |       |       |    12 |    10 ||    22
Throw: Stone             |     5 |       |     6 |       ||    11
 Cast: Ensorcelled Hiber |       |       |     4 |       ||     4
       Passwall          |       |       |     7 |       ||     7
       Mephitic Cloud    |       |       |       |     9 ||     9
Invok: Lesser Servant of |       |       |       |     2 ||     2
       Major Destruction |       |       |       |     2 ||     2
Evoke: Wand              |       |       |    25 |     9 ||    34
  Use: Potion            |       |     2 |    10 |     4 ||    16
       Scroll            |       |       |    20 |     2 ||    22
 Stab: Sleeping          |       |       |     6 |     1 ||     7
       Distracted        |       |       |       |     2 ||     2
Armor: Scale mail        |    80 |    90 |    11 |       ||   181
       Leather armour    |     3 |       |       |       ||     3
       Steam dragon scal |       |       |   123 |    91 ||   214
Dodge: Dodged            |    64 |    85 |   200 |   164 ||   513
Block: Buckler           |    60 |    39 |    42 |       ||   141
